 Dungeon Crawl Stone Soup version 0.28.0-53-g5a82cb258f (webtiles) character file.

Game seed: 10149552985272363523

7791 issech the Cleaver (level 11, -6/85 HPs)
             Began as a Minotaur Monk on June 7, 2022.
             Was an Elder of Hepliaklqana.
             Mangled by an orc knight
             ... wielding a +0 glaive
              (19 damage)
             ... in a bailey on June 8, 2022.
             The game lasted 00:39:36 (8787 turns).

issech the Cleaver (Minotaur Monk)                  Turns: 8787, Time: 00:39:36

Health: -6/85      AC: 22    Str: 17    XL:     11   Next: 1%
Magic:  10/10      EV:  7    Int: 13    God:    Hepliaklqana [****..]
Gold:   703        SH:  0    Dex: 16    Spells: 10/10 levels left

rFire   . . .      SeeInvis .   G - +1 war axe (vorpal)
rCold   . . .      Faith    .   (no shield)
rNeg    . . .      Spirit   .   N - +0 plate armour
rPois   .          Reflect  .   a - +2 hat
rElec   .          Harm     .   Y - +0 cloak
rCorr   .          Rampage  .   v - +2 pair of gloves
Will    +....                   x - +0 pair of boots
Stlth   ..........              s - amulet of regeneration
HPRegen 1.04/turn               g - +6 ring of intelligence
MPRegen 0.12/turn               k - ring of willpower

@: studying Evocations
A: reduced essence, horns 2, retaliatory headbutt
a: Renounce Religion, Recall Ancestor, Ancestor Identity, Transference, Idealise


You were in a bailey.
You worshipped Hepliaklqana.
Hepliaklqana was greatly pleased with you.
You visited 2 branches of the dungeon, and saw 11 of its levels.
You also visited: Bailey.

You collected 703 gold pieces.

Inventory:

Hand Weapons
 e - a +0 shortbow
 j - a +3 scimitar of holy wrath
 p - a +2 flail of venom
 q - a +0 hunting sling
 A - a +3 falchion of protection
 F - a +4 spear
 G - a +1 vorpal war axe (weapon)
 S - a +3 war axe
Missiles
 c - 109 arrows
 h - 61 sling bullets
 i - 185 stones
 r - a throwing net
 z - 13 boomerangs (quivered)
 H - 12 poisoned darts
 J - 34 bolts
Armour
 a - a +2 hat (worn)
 m - +0 swamp dragon scales
 v - a +2 pair of gloves (worn)
 x - a +0 pair of boots (worn)
 N - a +0 plate armour (worn)
 U - a scarf of invisibility
 Y - a +0 cloak (worn)
Jewellery
 g - a +6 ring of intelligence (left hand)
 k - a ring of willpower (right hand)
 s - an amulet of regeneration (around neck)
 L - an amulet of faith
 V - a ring of magical power
Wands
 t - a wand of flame (7)
 B - a wand of paralysis (2)
 C - a wand of polymorph (13)
 W - a wand of iceblast (5)
 X - a wand of digging (4)
 Z - a wand of charming (3)
Scrolls
 b - 2 scrolls of magic mapping
 d - 4 scrolls of teleportation
 f - 2 scrolls of enchant armour
 u - 2 scrolls of fog
 K - 2 scrolls of enchant weapon
 M - 3 scrolls of amnesia
 R - a scroll of fear
 T - a scroll of blinking
Potions
 l - 2 potions of heal wounds {unknown}
 n - 6 potions of curing {unknown}
 w - a potion of magic {unknown}
 D - 2 potions of mutation {unknown}
 I - 5 potions of might {unknown}
 O - a potion of brilliance {unknown}
 Q - 3 potions of haste
Miscellaneous
 o - a box of beasts


   Skills:
 + Level 8.8 Fighting
 + Level 2.1 Short Blades
 + Level 11.8(12.8) Axes
 + Level 8.1(11.1) Polearms
 + Level 0.7 Throwing
 + Level 10.0 Armour
 + Level 4.7 Dodging
 + Level 4.4 Stealth


You had 10 spell levels left.
You didn't know any spells.
Your spell library contained the following spells:

 Spells                   Type           Power      Damage    Failure   Level
 Magic Dart               Conj           0%         1d3       100%        1
 Call Imp                 Summ           0%         N/A       100%        2
 Mephitic Cloud           Conj/Pois/Air  0%         N/A       100%        3
 Portal Projectile        Hex/Tloc       0%         N/A       100%        3
 Blade Hands              Tmut           0%         N/A       100%        5
 Excruciating Wounds      Necr           0%         N/A       100%        5


Dungeon Overview and Level Annotations

Branches:
Dungeon (10/15)            Temple (1/1) D:4            Lair (0/6) D:9
 Bailey (1/1)
    Orc: D:9-12

Altars:
Ashenzari
Cheibriados
Dithmenos
Elyvilon
Fedhas
Gozag
Hepliaklqana
Kikubaaqudgha
Makhleb
Nemelex Xobeh
Okawaru
Qazlal
Ru
Sif Muna
Trog
Vehumet
Wu Jian
Xom
Yredelemnul
Zin
The Shining One

Shops:
D:2 (:   D:9 (


Innate Abilities, Weirdness & Mutations

Your life essence is reduced to manifest your ancestor. (-10% HP)
You have a pair of horns on your head.
You reflexively headbutt those who attack you in melee.


Message History

The orc knight hits you but does no damage.
You barely miss the orc knight. Your headbutt misses the orc knight.
The orc knight is moderately wounded.
The orc knight hits you but does no damage.
You slash the orc knight!
The orc knight is heavily wounded.
The orc knight barely misses you.
You hit the orc knight.
You headbutt the orc knight, but do no damage.
The orc knight is severely wounded.
The orc knight hits you but does no damage.
You hit the orc knight. Your headbutt misses the orc knight.
The orc knight is severely wounded.
You hit the orc knight.
The orc knight is severely wounded.
The orc knight hits you with a +0 glaive.
You hit the orc knight but do no damage.
You headbutt the orc knight.
The orc knight is severely wounded.
The orc knight hits you with a +0 glaive!
* * * LOW HITPOINT WARNING * * *
The orc knight hits you but does no damage.
The orc knight hits you with a +0 glaive!
* * * LOW HITPOINT WARNING * * *
You hit the orc knight.
The orc knight is severely wounded.
The orc knight barely misses you.
You closely miss the orc knight. Your headbutt misses the orc knight.
The orc knight is severely wounded.
The orc knight hits you with a +0 glaive.
* * * LOW HITPOINT WARNING * * *
You hit the orc knight. Your headbutt misses the orc knight.
The orc knight is almost dead.
The orc knight hits you with a +0 glaive.
* * * LOW HITPOINT WARNING * * *
You hit the orc knight.
The orc knight is almost dead.
Arammadara emerges from the mists of memory!
The orc knight hits you with a +0 glaive!!
You die...

♣♣......♣♣ ♣........♣
#♣..∩..∩..♣#
#..........#
##..........##
###............#
♣♣..R.........♣.#
#♣..♣.♣o......♣♣.###
#≈≈...@............♣♣
#≈≈≈....#....#......♣♣
#≈≈≈≈≈≈≈#....#≈≈≈≈...♣
#≈≈≈≈≈≈≈#)...#≈≈≈≈≈≈.♣
#≈≈≈≈≈≈≈#.)..#≈≈≈≈≈≈≈♣♣
#♣♣≈≈≈≈≈#....#≈≈≈≈≈≈≈≈≈
♣♣♣♣...#....#...≈≈≈≈≈≈
#♣....♣............≈≈≈≈
#...................≈≈≈


You could see the friendly Arammadara the battlemage and an orc knight (ally
target).

Vanquished Creatures
  A two-headed ogre (D:9)
  Pikel (D:8)
  Maggie (D:9)
  4 yaks (D:9)
  2 steam dragons
  A vampire mosquito (D:8)
  A water moccasin (D:7)
  A sky beast (D:5)
  4 orc warriors
  An ogre (D:6)
  2 centaurs
  A lemure (D:8)
  3 bullfrogs
  A wyvern zombie (D:7)
  3 scorpions (D:6)
  3 wights (D:5)
  A howler monkey (D:5)
  2 centaur zombies
  2 hounds (D:4)
  2 centaur skeletons
  2 gnoll shamans
  6 orc priests
  2 iguanas
  Natasha (thrice) (D:4)
  3 orc wizards
  2 hound skeletons
  Robin (D:3)
  2 howler monkey zombies (D:9)
  14 gnolls
  A howler monkey skeleton (D:7)
  5 adders
  3 white imps
  An ufetubus (D:7)
  A worm (D:2)
  2 dart slugs
  27 orcs
  5 ball pythons
  9 endoplasms
  4 giant cockroaches
  13 goblins
  10 hobgoblins
  2 jackals (D:4)
  2 quokkas
  8 bats
  3 frilled lizards (D:3)
  7 kobolds
  4 rats
  5 toadstools (D:7)
184 creatures vanquished.

Vanquished Creatures (collateral kills)
  Maurice (D:8)
  4 yaks (D:9)
  2 vampire mosquitoes (D:8)
  Menkaure (D:7)
  2 wargs
  A water moccasin (D:8)
  A black bear (D:6)
  An ice beast (D:7)
  4 orc warriors
  A sky beast (D:7)
  2 lemures (D:8)
  A kobold brigand (D:8)
  2 bullfrogs
  2 scorpions (D:5)
  A gnoll sergeant (D:6)
  2 howler monkeys (D:9)
  A bullfrog skeleton (D:6)
  An orc priest (D:5)
  A hound (D:6)
  4 iguanas
  7 orc wizards
  6 gnolls
  2 adders (D:6)
  A dart slug (D:4)
  11 orcs
  A ball python (D:4)
  2 jackals (D:4)
65 creatures vanquished.

Vanquished Creatures (others)
  3 battlemagi
  11 fungi (D:7)
14 creatures vanquished.

Grand Total: 263 creatures vanquished

Notes
Turn   | Place    | Note
-------+----------+-------------------------------------------
     0 | D:1      | issech the Minotaur Monk began the quest for the Orb.
     0 | D:1      | Reached XP level 1. HP: 19/19 MP: 0/0
    13 | D:1      | Found a faded altar of an unknown god.
   346 | D:1      | Reached XP level 2. HP: 17/27 MP: 1/1
   646 | D:1      | You fall into a shaft and drop 1 floor!
   646 | D:2      | Found an ornate altar of the Wu Jian Council.
  1101 | D:2      | Found Popuc's Weapon Emporium.
  1115 | D:2      | Reached skill level 1 in Armour
  1121 | D:2      | Reached skill level 4 in Axes
  1121 | D:2      | Reached XP level 3. HP: 6/33 MP: 2/2
  1564 | D:2      | Found Woehei's Book Shoppe.
  1705 | D:3      | Reached XP level 4. HP: 8/40 MP: 3/3
  2613 | D:3      | Noticed Robin
  2637 | D:3      | Reached XP level 5. HP: 47/47 MP: 4/4
  2662 | D:3      | Killed Robin
  2755 | D:3      | Reached skill level 1 in Short Blades
  2792 | D:3      | Reached skill level 5 in Axes
  3364 | D:4      | Noticed Natasha
  3372 | D:4      | Killed Natasha
  3373 | D:4      | Reached XP level 6. HP: 51/53 MP: 5/5
  3434 | D:4      | Reached skill level 5 in Fighting
  3476 | D:4      | Noticed Natasha
  3485 | D:4      | Killed Natasha
  3682 | D:4      | Found a staircase to the Ecumenical Temple.
  3694 | Temple   | Entered the Ecumenical Temple
  3950 | Temple   | Became a worshipper of Hepliaklqana the Forgotten
  3950 | Temple   | Reached * piety under Hepliaklqana
  3950 | Temple   | Reached ** piety under Hepliaklqana
  3951 | Temple   | Remembered your ancestor Arammadara as a battlemage
  3982 | D:4      | Noticed Natasha
  3987 | D:4      | Killed Natasha
  4071 | D:4      | Reached XP level 7. HP: 54/54 MP: 6/6
  4298 | D:5      | Entered Level 5 of the Dungeon
  4313 | D:5      | Reached skill level 6 in Axes
  4387 | D:5      | Reached skill level 5 in Armour
  4531 | D:5      | Reached skill level 1 in Polearms
  4662 | D:5      | Reached XP level 8. HP: 56/63 MP: 7/7
  4779 | D:5      | Reached skill level 7 in Axes
  5386 | D:6      | Reached skill level 5 in Polearms
  5469 | D:6      | Reached *** piety under Hepliaklqana
  5863 | D:7      | Reached XP level 9. HP: 70/70 MP: 8/8
  6372 | D:7      | Noticed Menkaure
  6378 | D:7      | Killed Menkaure
  6642 | D:8      | Noticed Pikel
  6657 | D:8      | Killed Pikel
  6658 | D:8      | Reached skill level 8 in Axes
  6933 | D:8      | Reached skill level 9 in Axes
  6935 | D:8      | Reached XP level 10. HP: 68/77 MP: 9/9
  6950 | D:8      | Reached **** piety under Hepliaklqana
  7300 | D:9      | Noticed Maurice
  7353 | D:8      | Killed Maurice
  7354 | D:8      | Reached skill level 10 in Axes
  7432 | D:9      | Found a staircase to the Lair.
  7468 | D:9      | Noticed Maggie
  7481 | D:9      | Killed Maggie
  7553 | D:9      | Noticed a two-headed ogre
  7559 | D:9      | Killed a two-headed ogre
  7560 | D:9      | Reached skill level 11 in Axes
  8107 | D:9      | Found Xeakuzas's Weapon Boutique.
  8484 | D:10     | Entered Level 10 of the Dungeon
  8484 | D:10     | Found a flagged portal.
  8523 | Bailey   | Entered a bailey
  8669 | Bailey   | Reached skill level 10 in Armour
  8669 | Bailey   | Reached XP level 11. HP: 52/85 MP: 10/10
  8733 | Bailey   | Noticed an orc knight
  8787 | Bailey   | Mangled by an orc knight

Illustrated notes

Levels and vault maps discovered:
D:1:      dpeg_arrival_tiny_f, layout_basic,
          hellmonk_ecumenical_altar_crossroads, serial_corexii_hall,
          corexii_hall_statues_t, corexii_hall_statues_i,
          corexii_hall_statues_deadend, minmay_misc_feat_tower
D:2:      layout_basic, serial_glass, glass_columns_a, glass_columns_a,
          glass_columns_a, glass_columns_a, glass_columns_a, glass_columns_a,
          glass_columns_a, glass_columns_a, glass_columns_a, glass_columns_c,
          basic_altar, serial_shops, shop, shop_statue
D:3:      cheibrodos_pilgrimage, layout_basic, uniq_robin
D:4:      layout_rooms, minmay_temple_entry_statues_pillars, minmay_manual_maat,
          uniq_natasha
D:5:      layout_loops_ring
D:6:      layout_cave_pools, minivault_5
D:7:      layout_basic, minmay_gold_behind_fungi, uniq_menkaure
D:8:      layout_basic, kennysheep_generic_room_8, uniq_pikel
D:9:      layout_grid_maze, erik_lair_orcish_takeover, serial_shops,
          nicolae_shop_behind_doors, kennysheep_windowed_goal, uniq_maggie,
          uniq_maurice
D:10:     layout_rooms, lemuel_doored_altar, orc_david_3, enter_bailey_2
Temple:   kilobyte_greek_temple
Bailey:   bailey_polearm_elven_captive_hellmonk, bailey

Skill      XL: |  1  2  3  4  5  6  7  8  9 10 |
---------------+-------------------------------+-----
Stealth        | 2 3 4 |  4.4
Armour         | 1 2 3 4 5 7 8 10 | 10.0
Fighting       | 4 5 6 7 8 |  8.8
Axes           | 4 5 6 7 9 11 | 11.8
Short Blades   | 1 2 |  2.1
Dodging        | 4 |  4.7
Polearms       | 1 6 8 |  8.1
Throwing       | |  0.7

Action                   |  1- 3 |  4- 6 |  7- 9 | 10-12 || total
-------------------------+-------+-------+-------+-------++-------
Melee: Hand axe          |    65 |   106 |    16 |       ||   187
       Headbutt          |    12 |    29 |    55 |    34 ||   130
       Dagger            |       |    74 |       |       ||    74
       Punch             |       |     2 |     4 |     1 ||     7
       Spear             |       |       |   143 |       ||   143
       War axe           |       |       |    99 |   132 ||   231
Throw: Stone             |       |       |     2 |       ||     2
       Boomerang         |       |       |       |     5 ||     5
Invok: Ancestor Life: Ba |       |     1 |       |       ||     1
  Use: Scroll            |       |     5 |     3 |     3 ||    11
 Stab: Sleeping          |     1 |       |       |       ||     1
       Distracted        |       |     2 |     4 |     2 ||     8
Armor: Ring mail         |    12 |       |       |       ||    12
       Robe              |     2 |       |       |       ||     2
       Chain mail        |    11 |   116 |    93 |       ||   220
       Plate armour      |       |       |    62 |    97 ||   159
Dodge: Dodged            |    41 |    79 |   110 |    42 ||   272
